AoeStats
← tedeschi.marco1993

Arena

509402785Analyzed
1v1 RM · 6d ago on Sep 26, 2026· 50m 34s· 2 players
Game mode
Random Map
Map size
Tiny (2 player)
Population
200
Speed
Normal
Resources
Standard
Victory
Conquest
Starting age
Dark Age
Ending age
Imperial Age
RankedLock teamsTeams togetherTeam positionsShared explorationLock speedFull tech treeHidden civsTurbo modeCheats
Victory
Defeat
🇨🇭 Vietnamese · Switzerland
788
+18
🇮🇹 Japanese · Italy
822
-18
Cash3574
13:58 Feudal Age
15:23 Double-Bit Axe
18:20 Castle Age
17:04 Gold Mining
17:09 Horse Collar
17:32 Stone Mining
18:47 Fletching
20:14 Bow Saw
19:44 Crossbowman
21:58 Wheelbarrow
25:33 Squires
24:54 Pikeman
27:12 Heavy Plow
33:14 Imperial Age
33:30 Hand Cart
33:01 Town Watch
32:52 Elite Skirmisher
33:38 Thumb Ring
33:49 Bodkin Arrow
35:30 Forging
36:32 Bracer
36:33 Padded Archer Armor
36:34 Scale Mail Armor
37:09 Iron Casting
36:35 Imperial Skirmisher
37:43 Scale Barding Armor
37:02 Halberdier
39:16 Leather Archer Armor
39:17 Chain Mail Armor
39:45 Ballistics
42:57 Chemistry
43:12 Two-Man Saw
42:08 Heated Shot
42:30 Fortified Wall
42:06 Arrowslits
42:18 Murder Holes
tedeschi.marco1993
10:12 Feudal Age
11:13 Double-Bit Axe
12:04 Gold Mining
12:51 Horse Collar
20:02 Castle Age
19:24 Wheelbarrow
20:05 Stone Mining
21:22 Bow Saw
21:50 Gold Shaft Mining
20:38 Pikeman
22:05 Scale Mail Armor
22:18 Forging
23:19 Hand Cart
24:57 Chain Mail Armor
24:53 Forging
24:39 Arson
26:51 Squires
28:06 Loom
28:51 Padded Archer Armor
28:41 Fletching
30:35 Elite Skirmisher
37:45 Imperial Age
44:46 Elite Samurai
49:06 Cavalier
49:48 Husbandry
Connection lost

Rejoining the realm…

Still unreachable

The connection could not be restored.

Session expired

The server has moved on; the page needs a fresh start.